 Dungeon Crawl Stone Soup version 0.25-a0-44-g29a1220a87 (webtiles) character file.

Game seed: 1562809212179436022, levelgen mode: deterministic

108 night the Cutter (level 5, -6/32 HPs)
             Began as a Kobold Berserker on Oct 24, 2019.
             Was a Believer of Trog.
             Killed by nerve-wracking pain
             ... invoked by an orc priest
              (9 damage)
             ... on level 3 of the Dungeon.
             The game lasted 00:05:10 (1576 turns).

night the Cutter (Kobold Berserker)                 Turns: 1576, Time: 00:05:12

Health: -6/32      AC: 12    Str: 13    XL:     5   Next: 12%
Magic:  0/5        EV:  7    Int:  8    God:    Trog [**....]
Gold:   83         SH:  0    Dex: 14    Spells: 4/4 levels left

rFire    . . .     SeeInvis .   k - +2 dagger (pain)
rCold    . . .     Gourm    .   (shield restricted)
rNeg     . . .     Faith    .   d - +0 plate armour
rPois    .         Spirit   +   (no helmet)
rElec    .         Reflect  .   (no cloak)
rCorr    .         Harm     .   r - +0 pair of gloves
MR       ++...                  (no boots)
Stlth    ..........             m - amulet of guardian spirit
HPRegen  1.10/turn              e - +1 ring of evasion
MPRegen  0.09/turn              n - -3 ring of strength (curse)

@: lethally poisoned (-6 -> -8), berserk cooldown, regenerating, slowed, very
slow
A: small, carnivore
a: Berserk, Trog's Hand, Renounce Religion


You were on level 3 of the Dungeon.
You worshipped Trog.
Trog was pleased with you.
You were completely stuffed.

You visited 1 branch of the dungeon, and saw 3 of its levels.

You collected 83 gold pieces.

Inventory:

Hand Weapons
 a - a +0 short sword
 h - a +0 hunting sling
 k - a +2 dagger of pain (weapon)
Missiles
 f - 93 stones (quivered)
Armour
 b - a +0 animal skin
 d - a +0 plate armour (worn)
 r - a +0 pair of gloves (worn)
Jewellery
 e - a +1 ring of evasion (left hand)
 m - an amulet of guardian spirit (around neck)
 n - a cursed -3 ring of strength (right hand)
Scrolls
 g - a scroll of remove curse
 l - 2 scrolls of identify {unknown}
 q - a scroll of enchant weapon {unknown}
Potions
 j - a potion of berserk rage {unknown}
 o - a potion of agility {unknown}
 p - a potion of degeneration {unknown}
 s - a potion of heal wounds {unknown}
Comestibles
 c - 3 rations
 i - 4 chunks of flesh


   Skills:
 - Level 3.2 Fighting
 * Level 5.8 Short Blades
 + Level 2.3 Armour
 + Level 3.6 Dodging


You had 4 spell levels left.
You didn't know any spells.
Your spell library was empty.

Dungeon Overview and Level Annotations

Branches:
Dungeon (3/15)

Altars:


Innate Abilities, Weirdness & Mutations

You are small and have problems with some larger weapons.
You are carnivorous and can eat meat at any time.


Message History

You feel sick.
The orc priest hits you but does no damage.
You are more poisoned.
The orc hits you with a +0 dagger.
* * * LOW HITPOINT WARNING * * *
The orc hits you but does no damage.
You hit the orc priest but do no damage.
The orc priest is lightly wounded.
You feel very sick.
The orc priest hits you with a +0 dagger of venom.
* * * LOW HITPOINT WARNING * * *
The orc hits you but does no damage. The orc barely misses you.
You hit the orc priest but do no damage.
The orc priest is lightly wounded.
You feel the effects of Trog's Hand fading.
* * * LOW HITPOINT WARNING * * *
You feel sick.
The orc priest invokes the aid of Beogh against you.
Pain shoots through your body!
You die...

#.###########..####
#............).....
#..........).#.####
#............#..#
#..!.........##.#
#............+ .#
#............# .#
#............# ..
#.@..........# .
#ooo.......<.#
....S..........#
.....#########.....
[..... .#### #.....
# #.... +....


You could see an orc priest, an adder and 2 orcs.

Vanquished Creatures
  4 adders
  A worm (D:2)
  2 dart slugs
  3 leopard geckos (D:1)
  An orc (D:3)
  3 bats
  4 giant cockroaches (D:2)
  6 goblins
  6 hobgoblins
  10 jackals
  7 kobolds
  A quokka (D:2)
  2 frilled lizards (D:2)
  6 rats
56 creatures vanquished.

Notes
Turn   | Place    | Note
-------+----------+-------------------------------------------
     0 | D:1      | night the Kobold Berserker began the quest for the Orb.
     0 | D:1      | Reached XP level 1. HP: 14/14 MP: 1/1
   143 | D:1      | Reached XP level 2. HP: 19/19 MP: 2/2
   493 | D:1      | Reached XP level 3. HP: 23/23 MP: 3/3
   779 | D:2      | Reached skill level 5 in Short Blades
   794 | D:2      | Reached ** piety under Trog
   805 | D:2      | Reached XP level 4. HP: 26/28 MP: 4/4
  1479 | D:3      | Reached XP level 5. HP: 32/32 MP: 5/5
  1576 | D:3      | Killed from afar by an orc priest

Levels and vault maps discovered:
D:1:      onia_arrival_mini_spirals, layout_loops_ring, corexii_corridor_pit
D:2:      layout_rooms, st_stairs_11
D:3:      layout_basic, trog_book, uniq_natasha

Skill      XL: |  1  2  3 |
---------------+----------+-----
Dodging        | 3 |  3.6
Short Blades   | 5 |  5.8
Armour         | 2 |  2.3
Fighting       | |  3.2

Action                   |  1- 3 |  4- 6 || total
-------------------------+-------+-------++-------
Melee: Short sword       |    80 |    90 ||   170
       Dagger            |       |    49 ||    49
Invok: Berserk           |     3 |     5 ||     8
       Trog's Hand       |       |     1 ||     1
  Use: Scroll            |     2 |       ||     2
  Eat: Chunk             |    10 |     8 ||    18
Armor: Plate armour      |    41 |    97 ||   138
Dodge: Dodged            |    31 |    52 ||    83

Table legend:
 A = Non-vault XP
 B = Vault XP
 C = Vault XP percentage of total XP
 D = Non-vault monster count
 E = Vault monster count
 F = Vault count percentage of total count
                 A         B        C        D         E       F
            +---------+---------+-------+---------+---------+-------
      Total |     138 |      17 |  11.0 |      53 |       3 |   5.4
            +---------+---------+-------+---------+---------+-------
        D:1 |      37 |       0 |   0.0 |      19 |       0 |   0.0
        D:2 |      65 |      17 |  20.7 |      22 |       3 |  12.0
        D:3 |      36 |       0 |   0.0 |      12 |       0 |   0.0
            +---------+---------+-------+---------+---------+-------
